 Dungeon Crawl Stone Soup version 0.21-a0-401-g0b6bec4 (webtiles) character file.

260568 Ijustatesigmund the Anointer (level 19, -7/150 HPs)
             Began as a Spriggan Assassin on Oct 19, 2017.
             Was the Champion of Ashenzari.
             Mangled by Jory
             ... wielding a +2 great sword
              (32 damage)
             ... on level 3 of the Vaults on Oct 25, 2017.
             The game lasted 03:49:36 (47553 turns).

Ijustatesigmund the Anointer (Spriggan Assassin)   Turns: 47553, Time: 03:49:37

Health: -7/150     AC: 21    Str: 17    XL:     19   Next: 17%
Magic:  35/35      EV: 35    Int: 20    God:    Ashenzari [******]
Gold:   782        SH: 13    Dex: 22    Spells: 31/47 levels left

rFire    . . .     SeeInvis +   R - +9 dagger "Turchauj" {pierce, *Drain rC+ MR+++ Str+3} (curse)
rCold    + + .     Gourm    .   Z - +1 buckler {AC+3} (curse)
rNeg     . . .     Faith    .   q - +1 acid dragon scales "Damnable Contraption" {rC+ rCorr Slay+2 Stlth+} (curse)
rPois    +         Spirit   .   (helmet restricted)
rElec    .         Reflect  +   d - +2 cloak (curse)
rCorr    +         Harm     .   (gloves unavailable)
MR       +++++     Clarity  +   (boots unavailable)
Stlth    ..........             Q - +3 amulet of reflection (curse)
HPRegen  0.35/turn              r - ring of poison resistance
MPRegen  0.24/turn              H - +6 ring of protection (curse)

@: berserking (expiring), very quick
A: unfitting armour, fangs 1, thin skeletal structure 1, see invisible, clever
1, herbivore 3, speed 3, low mp 1, mutation resistance 1, slow metabolism 2,
strong 1, MP-powered wands
}: 2/15 runes: barnacled, gossamer
a: Curse Item, Scrying, Transfer Knowledge, Renounce Religion


You were on level 3 of the Vaults.
You worshipped Ashenzari.
Ashenzari was exalted by your worship.
You were not hungry.

You visited 7 branches of the dungeon, and saw 36 of its levels.
You visited 1 bazaar.
You also visited: Labyrinth, Ossuary and Volcano.

You collected 2890 gold pieces.
You spent 2108 gold pieces at shops.

Inventory:

Hand Weapons
 F - a +4 short sword
 R - the cursed +9 dagger "Turchauj" (weapon) {pierce, *Drain rC+ MR+++ Str+3}
   (You bought it in a shop in a bazaar)

   It inflicts extra damage upon your enemies.
   It affects your strength (+3).
   It protects you from cold.
   It affects your resistance to hostile enchantments.
   It causes draining when unequipped.
   It has a curse placed upon it.
 V - a cursed +3 quick blade
Missiles
 b - 7 tomahawks of dispersal (quivered)
 L - 8 poisoned needles
 M - 4 throwing nets
Armour
 d - a cursed +2 cloak (worn)
 q - the cursed +1 acid dragon scales "Damnable Contraption" (worn) {rC+ rCorr Slay+2 Stlth+}
   (You acquired it on level 4 of the Spider Nest)

   It affects your accuracy and damage with ranged weapons and melee attacks
   (+2).
   It protects you from cold.
   It protects you from acid and corrosion.
   It makes you more stealthy.
   It has a curse placed upon it.
 v - +0 fire dragon scales
 Z - a cursed +1 buckler of protection (worn)
Jewellery
 e - an uncursed ring of protection from cold
 h - an uncursed ring of resist corrosion
 r - a ring of poison resistance (left hand)
 C - an uncursed ring of protection from magic
 D - an uncursed amulet of regeneration
 H - a cursed +6 ring of protection (right hand)
 P - an uncursed ring of fire
 Q - a cursed +3 amulet of reflection (around neck)
Wands
 i - a wand of lightning (6/15)
 j - a wand of scattershot (6/9)
 t - a wand of acid (5/15)
 E - a wand of polymorph (12/24)
 K - a wand of enslavement (1/24)
Scrolls
 a - 4 scrolls of enchant weapon
 f - 17 scrolls of identify
 k - 10 scrolls of remove curse
 s - 2 scrolls of teleportation
 y - 6 scrolls of amnesia
 z - 2 scrolls of recharging
 I - a scroll of immolation
 S - 2 scrolls of holy word
 X - a scroll of acquirement
Potions
 c - 2 potions of cancellation
 m - 5 potions of haste
 n - 7 potions of lignification
 o - a potion of might
 p - 6 potions of ambrosia
 u - 2 potions of heal wounds
 w - 11 potions of flight
 x - a potion of berserk rage
 A - 7 potions of curing
 G - 6 potions of brilliance
 J - a potion of magic
 U - 2 potions of resistance
 W - a potion of invisibility
 Y - 2 potions of agility
Miscellaneous
 B - a lightning rod (4/4)
 O - 4 phantom mirrors
Comestibles
 g - 30 bread rations
 l - 15 royal jellies
 T - 2 fruits


   Skills:
 - Level 11.0 Fighting
 - Level 12.7(16.8) Short Blades
 - Level 6.7 Throwing
 + Level 9.3 Armour
 - Level 15.8(18.3) Dodging
 - Level 18.0(20.4) Stealth
 - Level 4.8(7.8) Shields
 + Level 14.9 Spellcasting
 - Level 2.0(4.2) Conjurations
 - Level 8.9(11.8) Hexes
 + Level 20.3(22.5) Charms
 - Level 7.9(10.9) Necromancy
 - Level 3.5(6.2) Translocations
 - Level 2.1(4.4) Fire Magic
 - Level 9.6(12.4) Evocations


You had 31 spell levels left.
You knew the following spells:

 Your Spells              Type           Power        Failure   Level  Hunger
a - Shroud of Golubria    Chrm/Tloc      ######....   1%          2    None
b - Song of Slaying       Chrm           #######.     0%          2    None
c - Conjure Flame         Conj/Fire      ####....     2%          3    None
d - Regeneration          Chrm/Necr      ######....   0%          3    None
e - Confuse               Hex            ######..     1%          3    None
f - Spectral Weapon       Hex/Chrm       ######..     0%          3    None


Dungeon Overview and Level Annotations

Branches:
Dungeon (15/15)            Temple (1/1) D:4            Lair (6/6) D:8
 Shoals (4/4) Lair:3       Spider (4/4) Lair:2        Slime (0/5) Lair:6
    Orc (2/2) D:10            Elf (0/3) Orc:2        Vaults (4/5) D:14
  Crypt (0/3) Vaults:2     Depths (0/5) D:15

Altars:
Ashenzari
Cheibriados
Dithmenos
Fedhas
Gozag
Hepliaklqana
Kikubaaqudgha
Makhleb
Nemelex Xobeh
Okawaru
Qazlal
Ru
Sif Muna
Trog
Uskayaw
Wu Jian
Xom
Yredelemnul
Zin
The Shining One
Beogh

Shops:
D:6 }   D:7 [   Orc:1 =   Orc:2 (*[=   Shoals:1 (   Vaults:2 =

Annotations:
Shoals:1 kae's ghost, adept GrEE
Spider:1 Frances
Spider:3 Louise
Vaults:2 exclusion: obsidian statue
Vaults:3 Jory


Innate Abilities, Weirdness & Mutations

You are very small and have problems with some larger weapons.
You are too small for most types of armour.
You have supernaturally acute eyesight. (SInv)
You are a herbivore.
You cover ground extremely quickly.
You need consume almost no food.
You have very sharp teeth.
You have a somewhat thin skeletal structure. (Dex +2, Stealth)
Your mind is acute. (Int +2)
Your magical capacity is low. (-10% MP)
You are somewhat resistant to further mutation.
Your muscles are strong. (Str +2)
You expend magic power (3 MP) to strengthen your wands.


Message History

Jory hits you with an enchanted great sword!!
* * * LOW HITPOINT WARNING * * *
You block Jory's attack.
You hit Jory but do no damage.
Jory is severely damaged.
You hit Jory but do no damage. You bite Jory, but do no damage.
Jory is severely damaged.
You puncture Jory!
Jory is almost destroyed.
You puncture Jory!
Jory is almost destroyed.
Jory closely misses you. Jory misses you.
You barely miss Jory. Your bite misses Jory.
Jory is almost destroyed.
You hit Jory but do no damage. Your bite misses Jory.
Jory is almost destroyed.
You hit Jory but do no damage.
Jory is almost destroyed.
Jory hits you with an enchanted great sword!!
You die...

#..###'##########....####
#........................
#........................
#..#######'##.........###
#..#........#.........###
#..#........#.........###
#..#........#.###########
#..#........#.#[......##.
#..#....@V..#.#.......'..
*,,#........#)#.......#..
,#........#[#.......'(. *
#........#)#.......##.
,∆######'###.'.......###
, ..........)#.......# #
, ..........)######### *,
...................###
,,......................


You could see Jory.

Vanquished Creatures
  Nikola (Shoals:1)
  An ancient champion (Vaults:2)
  Ilsuiw (Shoals:4)
  Donald (Spider:1)
  2 vault wardens
  An orc warlord (Orc:1)
  6 emperor scorpions
  4 ghost moths
  Aizul (Shoals:1)
  6 ironheart preservers
  A ghoul (Vaults:2)
  2 deep elf demonologists (Vaults:1)
  2 stone giants
  6 entropy weavers
  A red draconian (Volcano)
  A minotaur (Lab)
  2 ettins
  An eidolon (Vaults:2)
  Josephine (Lair:5)
  2 fire dragons (Vaults:1)
  2 yaktaur captains
  Snorg (Lair:3)
  An ice dragon (Vaults:3)
  9 vault guards
  7 hydras
  2 rakshasas (Vaults:3)
  4 catoblepae (Lair:6)
  3 merfolk aquamancers (Shoals:1)
  2 merfolk avatars
  37 two-headed ogres
  2 death knights
  10 ogre magi
  7 centaur warriors
  A vampire mage (Vaults:2)
  8 death yaks
  A deep troll earth mage (Vaults:3)
  A queen ant (Spider:1)
  2 orc high priests
  A shadow wraith (Vaults:1)
  A skeletal warrior (Vaults:1)
  10 sea snakes
  3 deep elf knights (Vaults:1)
  2 deep trolls (Vaults:3)
  A flayed ghost (Vaults:1)
  3 wizards
  3 unseen horrors
  4 deep elf archers
  A glowing orange brain (Vaults:1)
  A phantasmal warrior (D:11)
  An ironbrand convoker (Vaults:2)
  A lindwurm (Lair:6)
  9 orc knights
  A harpy (shapeshifter) (Vaults:1)
  4 deep elf magi
  2 harpies (Vaults:3)
  19 orb spiders
  A faun (Shoals:1)
  A salamander (shapeshifter) (D:15)
  7 cyclopes
  8 orc sorcerers
  6 manticores
  24 ugly things
  37 wolf spiders
  A shining eye (Shoals:4)
  2 merfolk sirens
  A water nymph (Shoals:4)
  2 moths of wrath (Spider:2)
  11 vault sentinels
  Joseph (D:8)
  5 elephants
  A black mamba (shapeshifter) (Vaults:3)
  2 gargoyles
  9 spiny frogs
  2 molten gargoyles (Volcano)
  3 black mambas
  2 kobold demonologists
  4 rime drakes
  2 centaur skeletons
  2 torpor snails
  7 yaktaurs
  5 komodo dragons
  7 freezing wraiths
  A tengu conjurer (D:15)
  An efreet (D:14)
  3 meliai (Lair:4)
  20 demonic crawlers
  A queen bee (Lair:4)
  2 minotaur zombies (Lab)
  5 merfolk
  38 jumping spiders
  5 trolls
  3 polar bears
  Grinder (D:5)
  Prince Ribbit (D:8)
  13 hornets
  6 blink frogs
  A meliai zombie (D:11)
  A wind drake (Shoals:4)
  A raiju (shapeshifter) (Vaults:3)
  33 slime creatures
  17 hippogriffs
  3 snapping turtles
  Sigmund (D:3)
  3 water elementals
  57 redbacks
  2 spriggans (shapeshifter)
  21 tarantellas
  7 wraiths
  A fire bat (Volcano)
  6 wyverns
  35 yaks
  Eustachio (D:5)
  A human (shapeshifter) (Vaults:2)
  13 basilisks
  7 hungry ghosts
  2 human simulacra
  2 wargs
  3 vampire mosquitoes (D:14)
  2 acid dragons (Vaults:2)
  5 soldier ants (Spider:1)
  11 water moccasins
  9 porcupines
  2 hell hounds (D:8)
  6 sky beasts
  3 eyes of draining
  53 orc warriors
  6 black bears
  5 ice beasts
  9 boggarts
  38 ogres
  3 phantoms
  14 wolves
  A necrophage (D:9)
  28 centaurs
  17 crocodiles
  Blork the orc (D:5)
  10 bullfrogs
  3 big kobolds
  2 scorpions
  3 wyvern skeletons
  39 killer bees
  12 wights
  2 electric eels
  10 crimson imps
  A lava snake (Volcano)
  3 centaur zombies
  16 jellies
  3 yaktaur simulacra (Vaults:1)
  10 hounds
  29 orc priests
  A gnoll shaman (Orc:2)
  Jessica (D:3)
  5 iguanas
  3 bullfrog skeletons
  Ijyb (D:3)
  32 orc wizards
  28 worker ants
  A killer bee zombie (D:8)
  A hound skeleton (D:5)
  14 mummies
  A howler monkey zombie (D:7)
  4 worker ant zombies
  16 gnolls
  15 adders
  5 shadow imps
  3 oozes
  2 adder zombies
  2 adder skeletons (D:5)
  2 worms
  3 dart slugs
  7 leopard geckos
  114 orcs
  6 bats
  5 giant cockroaches
  7 goblins
  4 hobgoblins
  11 jackals
  5 quokkas
  3 frilled lizards
  A frilled lizard (shapeshifter) (Vaults:1)
  4 gnoll skeletons (Ossuary)
  A hobgoblin zombie (D:6)
  A jackal zombie (D:6)
  25 kobolds
  2 kobold skeletons (Ossuary)
  A kobold zombie (D:6)
  2 orc skeletons (Ossuary)
  2 quokka skeletons (D:6)
  A quokka zombie (D:8)
  7 rats
  11 rat skeletons (Ossuary)
  A plant (Lair:6)
1398 creatures vanquished.

Vanquished Creatures (others)
  A merfolk javelineer (Shoals:4)
  An orb spider (Spider:4)
  2 jumping spiders
  A redback (Spider:4)
  3 yaks (Lair:6)
  2 centaurs (Vaults:1)
  A bullfrog (D:14)
  4 fungi
  22 plants
  2 spectral weapons
  4 tentacles (Shoals:4)
43 creatures vanquished.

Grand Total: 1441 creatures vanquished

Notes
Turn   | Place    | Note
-------+----------+-------------------------------------------
     0 | D:1      | Ijustatesigmund the Spriggan Assassin began the quest for the Orb.
     0 | D:1      | Reached XP level 1. HP: 10/10 MP: 2/2
   124 | D:1      | Reached XP level 2. HP: 14/14 MP: 3/3
   755 | D:2      | Reached XP level 3. HP: 18/18 MP: 4/4
   815 | D:2      | Gained mutation: You have sharp toenails. [potion of mutation]
   815 | D:2      | Gained mutation: You expend magic power (3 MP) to strengthen your wands. [potion of mutation]
   815 | D:2      | Gained mutation: You have a somewhat thin skeletal structure. (Dex +2, Stealth) [potion of mutation]
   815 | D:2      | Gained mutation: Your flesh is heat resistant. (rF+) [potion of mutation]
  1123 | D:2      | Reached XP level 4. HP: 22/22 MP: 5/5
  1793 | D:3      | Noticed Sigmund
  2041 | D:3      | Noticed Jessica
  2079 | D:3      | Found a glowing golden altar of the Shining One.
  2135 | D:3      | Killed Sigmund
  2135 | D:3      | Reached skill level 5 in Dodging
  2135 | D:3      | Reached XP level 5. HP: 25/25 MP: 6/6
  2135 | D:3      | Reached XP level 6. HP: 30/30 MP: 7/7
  2508 | D:3      | Noticed Ijyb
  2517 | D:3      | Paralysed by Ijyb for 3 turns
  2521 | D:3      | Killed Ijyb
  2540 | D:3      | Killed Jessica
  3070 | D:4      | Found a staircase to the Ecumenical Temple.
  3076 | Temple   | Entered the Ecumenical Temple
  3130 | Temple   | Became a worshipper of Ashenzari the Shackled
  3594 | D:5      | Entered Level 5 of the Dungeon
  3622 | D:5      | Reached XP level 7. HP: 35/35 MP: 8/8
  3632 | D:5      | Noticed Grinder
  3744 | D:6      | Reached skill level 1 in Shields
  3755 | D:6      | Found a sand-covered staircase.
  3760 | Ossuary  | Entered an ossuary
  4675 | D:6      | Reached XP level 8. HP: 42/42 MP: 9/9
  4733 | D:6      | Found a bloodstained altar of Trog.
  5035 | D:6      | Reached skill level 5 in Short Blades
  5187 | D:6      | Found Jitinneo's Gadget Shoppe.
  5199 | D:6      | Reached skill level 10 in Stealth
  5702 | D:7      | Reached XP level 9. HP: 46/46 MP: 10/10
  5731 | D:7      | Found a deep blue altar of Sif Muna.
  6042 | D:7      | Found Timeecir's Armour Boutique.
  6049 | D:7      | Reached * piety under Ashenzari
  6057 | D:7      | Bought a +2 robe of cold resistance for 265 gold pieces
  6505 | D:7      | Identified the +3 chain mail of Beogh's Castigation {-Cast rN+ Str+4} (You found it on level 7 of the Dungeon)
  6621 | D:5      | Noticed Eustachio
  6634 | D:5      | Killed Eustachio
  6653 | D:5      | Noticed Blork the orc
  6663 | D:5      | Killed Blork the orc
  6841 | D:5      | Killed Grinder
  6998 | D:5      | Reached skill level 10 in Dodging
  7508 | D:7      | Reached XP level 10. HP: 51/51 MP: 11/11
  7838 | D:9      | Noticed a two-headed ogre
  7880 | D:9      | Killed a two-headed ogre
  7981 | D:9      | Reached ** piety under Ashenzari
  8204 | D:8      | Found a burning altar of Makhleb.
  8209 | D:8      | Found a sacrificial altar of Ru.
  8210 | D:8      | Found a hide-covered altar of Uskayaw.
  8211 | D:8      | Found a shadowy altar of Dithmenos.
  8212 | D:8      | Found an ancient bone altar of Kikubaaqudgha.
  8376 | D:8      | Noticed Joseph
  8445 | D:8      | Killed Joseph
  8698 | D:8      | Found a staircase to the Lair.
  8704 | D:8      | Noticed Prince Ribbit
  8707 | D:8      | Killed Prince Ribbit
  8707 | D:8      | Reached skill level 5 in Fighting
  9293 | D:9      | Reached XP level 11. HP: 55/55 MP: 12/12
  9370 | D:9      | Noticed a two-headed ogre
  9372 | D:9      | Killed a two-headed ogre
  9372 | D:9      | Reached skill level 10 in Short Blades
  9438 | D:9      | Noticed a two-headed ogre
  9470 | D:9      | Killed a two-headed ogre
  9761 | D:10     | Entered Level 10 of the Dungeon
  9773 | D:10     | Reached *** piety under Ashenzari
  9803 | D:11     | Noticed a green ugly thing
  9987 | D:10     | Found an opulent altar of Gozag.
 10328 | D:10     | Reached skill level 1 in Spellcasting
 10345 | D:10     | Found a roughly hewn altar of Beogh.
 10345 | D:10     | Found a staircase to the Orcish Mines.
 10879 | Lair:1   | Entered Level 1 of the Lair of Beasts
 11453 | Lair:1   | Learned a level 2 spell: Shroud of Golubria
 11517 | Lair:1   | Reached skill level 1 in Translocations
 11619 | Lair:1   | Reached **** piety under Ashenzari
 12063 | Lair:2   | Reached skill level 1 in Charms
 12071 | Lair:2   | Reached skill level 2 in Charms
 12114 | Lair:2   | Found a dark tunnel.
 12123 | Volcano  | Entered a volcano
 12343 | Volcano  | Found a bloodstained altar of Trog.
 12343 | Volcano  | Noticed a centaur warrior
 12348 | Volcano  | Killed a centaur warrior
 12348 | Volcano  | Reached skill level 3 in Charms
 12348 | Volcano  | Reached XP level 12. HP: 60/60 MP: 19/19
 12349 | Volcano  | Reached skill level 4 in Charms
 12353 | Volcano  | Noticed a red draconian
 12387 | Volcano  | Killed a red draconian
 12387 | Volcano  | Reached skill level 5 in Charms
 12517 | Lair:2   | Noticed a six-headed hydra
 12580 | Lair:1   | Learned a level 2 spell: Song of Slaying
 12816 | D:11     | Noticed a death knight
 12942 | D:10     | Reached skill level 5 in Spellcasting
 13080 | D:11     | Noticed a two-headed ogre
 13117 | D:11     | Killed a two-headed ogre
 13219 | D:11     | Killed a death knight
 13568 | D:11     | Reached skill level 15 in Dodging
 13644 | D:11     | Noticed a two-headed ogre
 13646 | D:11     | Killed a two-headed ogre
 14105 | D:11     | Reached ***** piety under Ashenzari
 15451 | D:12     | Reached XP level 13. HP: 63/66 MP: 23/26
 17770 | Lair:2   | Found a hole to the Spider Nest.
 18381 | Lair:3   | Found a staircase to the Shoals.
 18613 | Lair:3   | Found a snail-covered altar of Cheibriados.
 19105 | Lair:4   | Reached ****** piety under Ashenzari
 19130 | Lair:4   | Reached skill level 5 in Throwing
 19147 | Lair:4   | Noticed Snorg
 19192 | Lair:4   | Identified the +0 chain mail of Vyfo Xad {rCorr MP+9}
 19629 | Lair:4   | Learned a level 3 spell: Conjure Flame
 19824 | Lair:4   | Reached XP level 14. HP: 46/75 MP: 21/27
 20140 | Lair:3   | Killed Snorg
 20533 | Lair:5   | Found a labyrinth entrance.
 20552 | Lab      | Entered a labyrinth
 21008 | Lab      | Reached skill level 10 in Fighting
 21253 | Lair:5   | Noticed Josephine
 21325 | Lair:5   | Killed Josephine
 21607 | Lair:5   | Reached skill level 1 in Evocations
 22081 | Lair:6   | Entered Level 6 of the Lair of Beasts
 22229 | Lair:6   | Upgraded the game from 0.21-a0-396-ga924934 to 0.21-a0-401-g0b6bec4
 22268 | Lair:6   | Reached skill level 5 in Evocations
 23417 | Lair:1   | Learned a level 3 spell: Regeneration
 23743 | Lair:6   | Found a staircase to the Slime Pits.
 23759 | Lair:6   | Reached skill level 1 in Necromancy
 25420 | D:14     | Reached skill level 6 in Charms
 25437 | D:14     | Reached XP level 15. HP: 81/81 MP: 19/29
 25504 | D:14     | Found a flickering gateway to a bazaar.
 25519 | Bazaar   | Entered a bazaar
 25519 | Bazaar   | Found Pezoehos's General Store.
 25519 | Bazaar   | Found Ysoe's Antique Weapon Shop.
 25566 | Bazaar   | Found Liufuec's Antique Armour Shop.
 25590 | Bazaar   | Bought an ichor-stained dagger for 112 gold pieces
 25590 | Bazaar   | Identified the +9 dagger "Turchauj" {pierce, *Drain rC+ MR+++ Str+3} (You bought it in a shop in a bazaar)
 25603 | Bazaar   | Bought a potion of berserk rage for 35 gold pieces
 25603 | Bazaar   | Bought a potion of haste for 70 gold pieces
 25603 | Bazaar   | Bought a royal jelly for 14 gold pieces
 25603 | Bazaar   | Bought a bread ration for 35 gold pieces
 25603 | Bazaar   | Bought a potion of brilliance for 28 gold pieces
 25603 | Bazaar   | Bought a scroll of identify for 14 gold pieces
 25603 | Bazaar   | Bought a potion of agility for 28 gold pieces
 25637 | D:14     | Found a gate to the Vaults.
 25711 | D:14     | Reached skill level 7 in Charms
 25774 | D:14     | Reached skill level 10 in Spellcasting
 25826 | D:14     | Reached skill level 8 in Charms
 26203 | D:14     | Found a shimmering altar of Xom.
 26203 | D:14     | Found a shimmering altar of Xom.
 26203 | D:14     | Found a shimmering altar of Xom.
 26203 | D:14     | Found a shimmering altar of Xom.
 26203 | D:14     | Found a shimmering altar of Xom.
 26204 | D:14     | Found a shimmering altar of Xom.
 26204 | D:14     | Found a shimmering altar of Xom.
 26219 | D:14     | Found a shimmering altar of Xom.
 26900 | Lair:1   | Learned a level 3 spell: Confuse
 26976 | Orc:1    | Entered Level 1 of the Orcish Mines
 27031 | Orc:1    | Reached skill level 9 in Charms
 27108 | Orc:2    | Entered Level 2 of the Orcish Mines
 27108 | Orc:2    | Found a staircase to the Elven Halls.
 27145 | Orc:1    | Found Pemoable's Jewellery Shoppe.
 27156 | Orc:1    | Bought a +6 ring of protection for 1014 gold pieces
 27272 | Orc:2    | Reached skill level 1 in Hexes
 27338 | Orc:2    | Noticed an orc warlord
 27565 | Orc:2    | Reached skill level 5 in Necromancy
 28110 | Orc:2    | Found a roughly hewn altar of Beogh.
 28116 | Orc:2    | Noticed an orc warlord
 28154 | Orc:1    | Reached skill level 10 in Charms
 28542 | Orc:1    | Reached skill level 15 in Stealth
 28922 | Orc:1    | Killed an orc warlord
 28922 | Orc:1    | Reached skill level 11 in Charms
 29062 | Orc:2    | Found Qirivvic's Jewellery Shop.
 29222 | Orc:2    | Found Tirreuwa's Antique Weapon Shop.
 29237 | Orc:2    | Found Ivoeseap's Antique Armour Shop.
 29244 | Orc:2    | Bought a wizard robe for 165 gold pieces
 29244 | Orc:2    | Identified the +0 robe "Ryibin" {rF+ rC+ Str-3 Dex+4} (You bought it in a shop on level 2 of the Orcish Mines)
 29253 | Orc:2    | Found Xenais's General Store.
 29261 | Orc:2    | Bought a scroll of enchant armour for 120 gold pieces
 29261 | Orc:2    | Bought a scroll of remove curse for 48 gold pieces
 29261 | Orc:2    | Bought 2 potions of heal wounds for 160 gold pieces
 29634 | Lair:1   | Identified the cursed +2 mace "Laosh" {distort, SInv} (You found it on level 8 of the Dungeon)
 29638 | Lair:1   | Learned a level 3 spell: Spectral Weapon
 29685 | Spider:1 | Entered Level 1 of the Spider Nest
 29738 | Spider:1 | Identified the cursed +1 arbalest "Bynufann" {venom, +Blink rN++ Dex-4}
 30037 | Spider:1 | Reached skill level 12 in Charms
 30285 | Spider:1 | Reached skill level 5 in Hexes
 31322 | Spider:1 | Reached skill level 13 in Charms
 31402 | Spider:2 | Noticed Frances
 31403 | Spider:2 | Noticed Donald
 31452 | Spider:2 | Noticed a ghost moth
 31469 | Spider:2 | Reached XP level 16. HP: 37/86 MP: 17/31
 32322 | D:15     | Entered Level 15 of the Dungeon
 32522 | D:15     | Identified a scroll of acquirement
 32970 | D:15     | Found a staircase to the Depths.
 32982 | D:15     | Reached skill level 14 in Charms
 34036 | Spider:1 | Reached skill level 1 in Armour
 34944 | Spider:1 | Killed Donald
 35703 | Spider:3 | Noticed Louise
 35763 | Spider:4 | Entered Level 4 of the Spider Nest
 35813 | Spider:4 | Reached skill level 15 in Charms
 36631 | Spider:4 | Identified the cursed +1 acid dragon scales "Damnable Contraption" {rC+ rCorr Slay+2 Stlth+} (You acquired it on level 4 of the Spider Nest)
 36994 | Spider:4 | Reached skill level 1 in Fire Magic
 37001 | Spider:4 | Reached XP level 17. HP: 44/91 MP: 3/33
 37007 | Spider:4 | Reached skill level 1 in Conjurations
 38053 | Spider:4 | Got a gossamer rune of Zot
 38158 | Spider:4 | Reached skill level 16 in Charms
 38702 | Shoals:1 | Entered Level 1 of the Shoals
 38745 | Shoals:1 | Noticed Aizul
 38752 | Shoals:1 | Killed Aizul
 38762 | Shoals:1 | Noticed Nikola
 38769 | Shoals:1 | Killed Nikola
 38769 | Shoals:1 | Reached skill level 5 in Armour
 38775 | Shoals:1 | Noticed kae's ghost (adept GrEE)
 39021 | Shoals:4 | Entered Level 4 of the Shoals
 39048 | Shoals:4 | Noticed a kraken
 39072 | Shoals:4 | Noticed Ilsuiw
 39103 | Shoals:4 | Gained mutation: You are dopey. (Int -2) [a shining eye]
 39105 | Shoals:4 | Gained mutation: You are weak. (Str -2) [a shining eye]
 39114 | Shoals:4 | Killed Ilsuiw
 39165 | Shoals:4 | Identified the +3 buckler "Dasaeh" {Str+4}
 39573 | Shoals:4 | Got a barnacled rune of Zot
 39828 | Shoals:1 | Reached skill level 17 in Charms
 39868 | Shoals:1 | Found Xajuwi's Antique Weapon Shoppe.
 40083 | Lair:1   | Lost mutation: You have sharp toenails. [potion of mutation]
 40083 | Lair:1   | Lost mutation: You are dopey. (Int -2) [potion of mutation]
 40083 | Lair:1   | Gained mutation: Your magical capacity is low. (-10% MP) [potion of mutation]
 40083 | Lair:1   | Gained mutation: You are somewhat resistant to further mutation. [potion of mutation]
 40084 | Lair:1   | Lost mutation: Your flesh is heat resistant. (rF+) [potion of mutation]
 40084 | Lair:1   | Lost mutation: You are somewhat resistant to further mutation. [potion of mutation]
 40084 | Lair:1   | Lost mutation: You are weak. (Str -2) [potion of mutation]
 40084 | Lair:1   | Gained mutation: Your mind is acute. (Int +2) [potion of mutation]
 40084 | Lair:1   | Gained mutation: You have very sharp teeth. [potion of mutation]
 40084 | Lair:1   | Gained mutation: Your muscles are strong. (Str +2) [potion of mutation]
 40084 | Lair:1   | Gained mutation: You are somewhat resistant to further mutation. [potion of mutation]
 40282 | Vaults:1 | Entered Level 1 of the Vaults
 41563 | Vaults:1 | Reached XP level 18. HP: 92/96 MP: 14/32
 41718 | Vaults:1 | Reached skill level 18 in Charms
 42757 | Vaults:1 | Reached skill level 19 in Charms
 43747 | Vaults:2 | Found Viahi's Jewellery Shop.
 44745 | Vaults:2 | Found a staircase to the Crypt.
 45961 | Vaults:3 | Reached skill level 20 in Charms
 46057 | Vaults:3 | Reached XP level 19. HP: 96/100 MP: 23/34
 46764 | Vaults:3 | Noticed Jory
 47553 | Vaults:3 | Mangled by Jory

Vault maps used:
D:1:      minmay_arrival_jagged
D:2:      kb_forest_paths, first_bread, minmay_misc_feat_hallway
D:3:      nicolae_tso_swordbearing_angel, uniq_ijyb, uniq_sigmund, uniq_jessica
D:4:      minmay_temple_entry_hall
D:5:      uniq_grinder, uniq_blork_the_orc, uniq_eustachio
D:6:      trog_ov_bears_minmay, nicolae_ossuary_entry_giza, serial_shops, shop
D:7:      nicolae_overflow_crystal_walls, serial_shops, nicolae_shop_trees
D:8:      minitemple, minmay_lair_entry_lava, grunt_ogre_cave, uniq_joseph,
          uniq_prince_ribbit1
D:10:     david_orc_5, grunt_ministairs_2,
          nicolae_gozag_cash_rules_everything_around_me
D:13:     minmay_rotating_lava
D:14:     lightli_vaults_fourway_checkpoint, serial_bayou_shore_b, serial_shops,
          bzr_entry_gold, xom_redecorated
D:15:     hangedman_depths_entry_try_elsewhere_first, serial_bayou_pond_a
Temple:   nicolae_temple_great_sept
Lair:1:   gammafunk_lair_bear_cave
Lair:2:   dummy_spider_entry, lightli_volcano_entry_magma_tube,
          serial_bayou_lagoon_b
Lair:3:   minmay_shoals_entry_hut, basic_altar, nicolae_lair_grove_arrangements,
          kennysheep_basilisk_garden, serial_bayou_shore_b
Lair:4:   regret_index_bee_streams, serial_bayou_shore_b, uniq_snorg
Lair:5:   lab_entry_generic, infiniplex_staircase_pool_2, uniq_josephine
Lair:6:   evilmike_catoblepas_cave, minmay_slime_entry_jelly_boxes,
          minivault_11, minivault_19, small_statue_intersection,
          fungi_pond_lemuel, lookout_lair_type, nicolae_lair_yak_garden
Shoals:1: cheibrodos_shoals_three_sisters, serial_shops, shop_statue,
          uniq_aizul, uniq_nikola
Shoals:4: shoals_end_simple, shoals_ilsuiw_ice
Spider:1: minmay_another_anthill
Spider:2: spider_trap, guppyfry_hornet_nest, uniq_donald, uniq_frances
Spider:3: uniq_louise
Spider:4: guppyfry_spider_rune, nicolae_spider_stair_cavern
Orc:1:    serial_shops, shop_statue
Orc:2:    grunt_orc_cross
Vaults:1: ontoclasm_vaults_eye, hangedman_vaults_nodes,
          ontoclasm_vaults_decontamination, ontoclasm_vaults_ring_square,
          v_misc_2, vaults_mumra_minichess_inversion, v_alt_pattern_6,
          vaults_room_grunt_arrival_ludios, nicolae_vaults_little_squares_2
Vaults:2: nicolae_vaults_statue_guard, minmay_crypt_entry_simple_plaza,
          hangedman_vaults_trim, nicolae_vaults_circle_grid_b,
          nicolae_vaults_specimen_jars, grunt_vaults_swirl,
          vaults_room_ringed_pool, vaults_room_grid,
          ontoclasm_vaults_ring_square, vaults_dpeg_diagonal,
          hangedman_vaults_variations, v_misc_16,
          nicolae_vaults_little_squares_6, ontoclasm_vaults_gateway,
          v_pattern_2, serial_shops, nicolae_shop_statue_plus
Vaults:3: vaults_room_boxed, vaults_room_corners, hangedman_vaults_cutoff,
          v_misc_14, hangedman_vaults_capsules,
          vaults_room_grunt_arrival_checkpoint, v_misc_18, uniq_jory
Vaults:4: hangedman_vaults_slither, hangedman_vaults_snaps,
          nicolae_vaults_little_squares_1, vaults_dpeg_spiral, v_misc_13,
          hangedman_vaults_cutoff, vaults_room_door_hall, v_misc_5, v_misc_22,
          vaults_dpeg_ring
Lab:      labyrinth_hidden_loot, nicolae_lab_stuck, lab_block,
          labyrinth_skeletal_remains
Bazaar:   bazaar_jpeg_cross
Ossuary:  ossuary_due_small_catacomb
Volcano:  volcano_lake

Skill      XL: |  1  2  3  4  5  6  7  8  9 10 11 12 13 14 15 16 17 18 |
---------------+-------------------------------------------------------+-----
Stealth        | 6 8 10 12 13 14 16 17 18 | 18.0
Dodging        | 2 3 5 7 10 13 15 | 15.8
Short Blades   | 3 4 6 8 9 10 11 12 | 12.7
Fighting       | 2 4 5 6 9 10 11 | 11.0
Throwing       | 3 6 |  6.7
Shields        | 2 3 4 |  4.8
Spellcasting   | 4 8 9 10 11 12 14 | 14.9
Translocations | 3 |  3.5
Charms         | 3 5 6 13 15 17 20 | 20.3
Evocations     | 9 |  9.6
Necromancy     | 3 6 7 |  7.9
Hexes          | 6 8 |  8.9
Armour         | 4 7 9 |  9.3
Fire Magic     | 1 2 |  2.1
Conjurations   | 2 |  2.0

Action                   |  1- 3 |  4- 6 |  7- 9 | 10-12 | 13-15 | 16-18 | 19-21 || total
-------------------------+-------+-------+-------+-------+-------+-------+-------++-------
Melee: Dagger            |    10 |       |       |       |  1354 |  2857 |   321 ||  4542
       Short sword       |    56 |    93 |   362 |  1398 |  1801 |       |       ||  3710
       Kick              |     1 |    27 |   116 |   560 |  1312 |   538 |       ||  2554
       Quick blade       |       |       |       |       |    41 |       |       ||    41
       Bite              |       |       |       |       |       |   269 |    50 ||   319
 Fire: Blowgun           |       |    16 |    28 |    63 |    14 |       |       ||   121
Throw: Tomahawk          |     1 |     1 |       |       |       |       |       ||     2
       Throwing net      |       |       |       |       |     3 |       |       ||     3
 Cast: Shroud of Golubri |       |       |       |     4 |    31 |    54 |     4 ||    93
       Song of Slaying   |       |       |       |     2 |     3 |       |       ||     5
       Conjure Flame     |       |       |       |       |    12 |    10 |     5 ||    27
       Regeneration      |       |       |       |       |    31 |    60 |     6 ||    97
       Confuse           |       |       |       |       |    36 |   140 |    21 ||   197
       Spectral Weapon   |       |       |       |       |     2 |     3 |       ||     5
Invok: Curse Item        |       |     1 |     3 |       |     2 |     2 |       ||     8
       Scrying           |       |       |       |       |     3 |     5 |     1 ||     9
Evoke: Wand              |       |       |       |     6 |    13 |    16 |     4 ||    39
  Use: Scroll            |     7 |     7 |    13 |     8 |    12 |    22 |     3 ||    72
       Potion            |     1 |       |     2 |     5 |     2 |    14 |     1 ||    25
 Stab: Sleeping          |    11 |    13 |    42 |    61 |    91 |    53 |     1 ||   272
       Distracted        |       |       |     2 |     6 |    15 |    15 |     2 ||    40
       Paralysed         |       |       |       |     1 |       |       |       ||     1
       Petrified         |       |       |       |       |     3 |       |       ||     3
       Held in net/web   |       |       |       |       |     2 |       |       ||     2
       Petrifying        |       |       |       |       |     2 |       |       ||     2
       Confused          |       |       |       |       |    11 |    55 |     5 ||    71
  Eat: Royal jelly       |       |       |     2 |     2 |     5 |     3 |       ||    12
       Fruit             |       |       |       |     5 |    14 |     2 |       ||    21
       Bread ration      |       |       |       |       |       |     3 |       ||     3
Armor: Robe              |     6 |     6 |    11 |    38 |    82 |     7 |       ||   150
       Troll leather arm |       |       |       |       |       |   131 |       ||   131
       Acid dragon scale |       |       |       |       |       |   162 |    26 ||   188
Dodge: Dodged            |    47 |    52 |   102 |   688 |  1658 |  2553 |   200 ||  5300
Block: Buckler           |       |     5 |    96 |   451 |  1086 |  1482 |   142 ||  3262
       Reflection        |       |       |       |       |       |    48 |     2 ||    50

Table legend:
 A = Spawn XP
 B = Non-spawn XP
 C = Spawn XP percentage of total XP
 D = Spawn monster count
 E = Non-spawn monster count
 F = Spawn count percentage of total count
 G = Total turns spent on level
                    A         B        C        D         E        F      G
               +---------+---------+-------+---------+---------+-------+---------
         Total |       0 |  393921 |   0.0 |       0 |    1403 |   0.0 | 47553
               +---------+---------+-------+---------+---------+-------+---------
           D:1 |       0 |      28 |   0.0 |       0 |      12 |   0.0 |   632
           D:2 |       0 |     113 |   0.0 |       0 |      26 |   0.0 |  1070
           D:3 |       0 |     378 |   0.0 |       0 |      23 |   0.0 |  1086
           D:4 |       0 |     191 |   0.0 |       0 |      13 |   0.0 |   741
           D:5 |       0 |    1073 |   0.0 |       0 |      17 |   0.0 |   722
           D:6 |       0 |    1775 |   0.0 |       0 |      33 |   0.0 |  1348
           D:7 |       0 |    1943 |   0.0 |       0 |      45 |   0.0 |  1219
           D:8 |       0 |    3052 |   0.0 |       0 |      55 |   0.0 |  1588
           D:9 |       0 |    5202 |   0.0 |       0 |      34 |   0.0 |  1010
          D:10 |       0 |    2972 |   0.0 |       0 |      56 |   0.0 |  1595
          D:11 |       0 |    9070 |   0.0 |       0 |      50 |   0.0 |  1935
          D:12 |       0 |    4080 |   0.0 |       0 |      35 |   0.0 |  1445
          D:13 |       0 |    8554 |   0.0 |       0 |      28 |   0.0 |  1123
          D:14 |       0 |   13367 |   0.0 |       0 |      41 |   0.0 |  1604
          D:15 |       0 |    6471 |   0.0 |       0 |      22 |   0.0 |   971
        Lair:1 |       0 |    4163 |   0.0 |       0 |      21 |   0.0 |  1576
        Lair:2 |       0 |    4654 |   0.0 |       0 |      18 |   0.0 |  1204
        Lair:3 |       0 |    7813 |   0.0 |       0 |      34 |   0.0 |  1294
        Lair:4 |       0 |    9781 |   0.0 |       0 |      58 |   0.0 |  1448
        Lair:5 |       0 |    6638 |   0.0 |       0 |      22 |   0.0 |  1513
        Lair:6 |       0 |   22416 |   0.0 |       0 |      68 |   0.0 |  2380
      Shoals:1 |       0 |   18167 |   0.0 |       0 |      22 |   0.0 |   407
      Shoals:2 |       0 |    2419 |   0.0 |       0 |       4 |   0.0 |   128
      Shoals:3 |       0 |     815 |   0.0 |       0 |       3 |   0.0 |   486
      Shoals:4 |       0 |    5156 |   0.0 |       0 |       8 |   0.0 |   242
      Spider:1 |       0 |   31623 |   0.0 |       0 |      90 |   0.0 |  3172
      Spider:2 |       0 |   14887 |   0.0 |       0 |      40 |   0.0 |  1089
      Spider:3 |       0 |   17264 |   0.0 |       0 |      44 |   0.0 |  1473
      Spider:4 |       0 |   35165 |   0.0 |       0 |      74 |   0.0 |  1631
         Orc:1 |       0 |   10845 |   0.0 |       0 |      58 |   0.0 |  1253
         Orc:2 |       0 |    8831 |   0.0 |       0 |      62 |   0.0 |  1353
      Vaults:1 |       0 |   46673 |   0.0 |       0 |      97 |   0.0 |  2431
      Vaults:2 |       0 |   46963 |   0.0 |       0 |      85 |   0.0 |  2591
      Vaults:3 |       0 |   33733 |   0.0 |       0 |      53 |   0.0 |  1885
      Vaults:4 |       0 |    1056 |   0.0 |       0 |       3 |   0.0 |   181
           Lab |       0 |    2531 |   0.0 |       0 |       7 |   0.0 |   461
       Ossuary |       0 |     259 |   0.0 |       0 |      32 |   0.0 |   724
       Volcano |       0 |    3800 |   0.0 |       0 |      10 |   0.0 |   375
               +---------+---------+-------+---------+---------+-------+---------
